 Dungeon Crawl Stone Soup version 0.29-a0-397-g846e4a0bbc (webtiles) character file.

Game seed: 3926422377907345580

205 Tatune the Chopper (level 5, -6/69 (72) HPs)
             Began as a Hill Orc Berserker on May 12, 2022.
             Was a Follower of Trog.
             Mangled by a wight
             ... wielding a +4 scimitar
              (9 damage)
             ... on level 3 of the Dungeon.
             The game lasted 00:11:07 (2769 turns).

Tatune the Chopper (Hill Orc Berserker)             Turns: 2769, Time: 00:11:08

HP:   -6/69 (72)    AC:  6    Str: 22    XL:     5   Next: 83%
MP:   5/5           EV: 11    Int: 13    God:    Trog [*.....]
Gold: 129           SH:  3    Dex: 10    Spells: 4/4 levels left

rFire   + . .      SeeInvis .   a - +0 hand axe
rCold   . . .      Faith    .   q - +0 buckler
rNeg    . . .      Spirit   .   l - +2 leather armour {rF+}
rPois   .          Reflect  .   (no helmet)
rElec   .          Harm     .   (no cloak)
rCorr   .          Rampage  .   (no gloves)
Will    .....                   h - +0 pair of boots
Stlth   ..........              m - amulet of the acrobat
HPRegen 0.21/turn               s - +6 ring of intelligence
MPRegen 0.09/turn               (no ring)

@: berserking (expiring), lightly drained, very quick
A: no striking features
a: Renounce Religion, Berserk


You were on level 3 of the Dungeon.
You worshipped Trog.
Trog was aware of your devotion.
You visited 1 branch of the dungeon, and saw 4 of its levels.

You collected 129 gold pieces.

Inventory:

Hand Weapons
 a - a +0 hand axe (weapon)
Armour
 h - a +0 pair of boots (worn)
 l - a +2 leather armour of fire resistance (worn)
 q - a +0 buckler (worn)
Magical Staves
 b - a staff of fire
Jewellery
 m - an amulet of the acrobat (around neck)
 s - a +6 ring of intelligence (left hand)
Scrolls
 d - 2 scrolls of identify {unknown}
 g - a scroll of amnesia {unknown}
 i - 2 scrolls of blinking {unknown}
 j - a scroll of fog {unknown}
 k - a scroll of fear {unknown}
Potions
 c - a potion of haste {unknown}
 e - 2 potions of curing {unknown}
 f - a potion of brilliance {unknown}
 n - a potion of mutation {unknown}
 o - 3 potions of heal wounds {unknown}
 p - a potion of lignification {unknown}
 r - a potion of might {unknown}


   Skills:
 + Level 5.1 Fighting
 + Level 6.3 Axes
 + Level 2.8 Armour
 + Level 2.3 Dodging
 + Level 0.2 Stealth


You had 4 spell levels left.
You didn't know any spells.
Your spell library contained the following spells:

 Spells                   Type           Power      Damage    Failure   Level
 Sandblast                Erth           0%         2d4       45%         1
 Passwall                 Tmut/Erth      0%         N/A       58%         2
 Stone Arrow              Conj/Erth      0%         3d7       83%         3


Dungeon Overview and Level Annotations

Branches:
Dungeon (4/15)
 Temple: D:4-7

Altars:

Shops:
D:1 *[(!*   D:2 (


Message History

The wight barely misses you.
You climb upwards.
There is a stone staircase leading down here.
You feel yourself speed up.
You recover from your berserk rage.
There is a stone staircase leading down here.
You climb downwards.
The wight closely misses you. The wight hits you with a +4 scimitar!
You feel drained.
There is a stone staircase leading up here.
A red film seems to cover your vision as you go berserk!
You feel yourself moving faster!
You feel mighty! The wight hits you with a +1 halberd!
The wight closely misses you.
You hit the wight.
The wight is moderately damaged.
You hit the wight. The wight completely misses you. The wight misses you.
You barely miss the wight.
The wight is moderately damaged.
You slash the wight! You hit the wight but do no damage.
The wight is moderately damaged.
You hit the wight.
You destroy the wight!
Trog accepts your kill. The wight barely misses you.
Your life force feels restored.
You slash the wight!
The wight is almost destroyed.
The wight hits you with a +4 scimitar!!
You feel drained.
* * * LOW HITPOINT WARNING * * *
You closely miss the wight.
The wight is almost destroyed.
The wight hits you with a +4 scimitar!
* * * LOW HITPOINT WARNING * * *
You climb upwards.
You feel a strong urge to attack something.
There is a stone staircase leading down here.
You hit the wight but do no damage.
The wight is almost destroyed.
The wight hits you with a +4 scimitar!
You die...

##########
######........#
#..........[..#
#.####........#
#.#...........#
#.........#.###
#..#.#.##.#.#######
#.@z...............
#..#.####.##......#
#.........##......#
#....#######.......
#..###.......####..
#..###.......####..
#..................
######.......####..
#.......# #..


You could see a wight.

Vanquished Creatures
  An ogre (D:2)
  A wight (D:4)
  3 adders
  4 orcs (D:4)
  4 ball pythons
  5 endoplasms
  3 hobgoblins
  3 bats
  A frilled lizard (D:3)
  5 goblins
  3 kobolds
  6 rats
39 creatures vanquished.

Notes
Turn   | Place    | Note
-------+----------+-------------------------------------------
     0 | D:1      | Tatune the Hill Orc Berserker began the quest for the Orb.
     0 | D:1      | Reached XP level 1. HP: 19/19 MP: 1/1
    88 | D:1      | Found Dukaacs's General Store.
   115 | D:1      | Found Retsusk's Distillery.
   142 | D:1      | Found Bupnoet's Antique Weapon Emporium.
   244 | D:1      | Found Goireok's Antique Armour Shop.
   253 | D:1      | Found a faded altar of an unknown god.
   276 | D:1      | Reached XP level 2. HP: 11/27 MP: 2/2
  1012 | D:1      | Found Gank's Assorted Antiques.
  1108 | D:2      | Noticed an ogre
  1120 | D:2      | Killed an ogre
  1121 | D:2      | Reached skill level 5 in Axes
  1121 | D:2      | Reached XP level 3. HP: 5/34 MP: 3/3
  1121 | D:2      | Reached XP level 4. HP: 6/41 MP: 4/4
  1617 | D:2      | Reached XP level 5. HP: 41/47 MP: 5/5
  1969 | D:2      | Found Wyorph's Weapon Emporium.
  2573 | D:4      | Reached skill level 5 in Fighting
  2577 | D:4      | Reached skill level 6 in Axes
  2767 | D:4      | HP: 2/69 [wight/+4 scimitar (14)]
  2769 | D:3      | Mangled by a wight

Illustrated notes

Levels and vault maps discovered:
D:1:      matt_arrival_grand_opening, layout_basic, basic_ecumenical_altar,
          serial_shops, shop, nicolae_shop_trees, shop,
          nicolae_shop_statue_plus, nicolae_shop_behind_doors
D:2:      layout_basic, serial_shops, nicolae_shop_trees
D:3:      layout_basic
D:4:      layout_basic, chequers_mini_garden, minmay_quantized, uniq_eustachio,
          uniq_pikel, uniq_robin

Skill      XL: |  1  2  3  4  5 |
---------------+----------------+-----
Fighting       | 4 5 |  5.1
Axes           | 5 6 |  6.3
Dodging        | 2 |  2.3
Armour         | |  2.8
Stealth        | |  0.2

Action                   |  1- 3 |  4- 6 || total
-------------------------+-------+-------++-------
Melee: Hand axe          |    43 |    63 ||   106
Invok: Berserk           |     2 |     2 ||     4
Armor: Animal skin       |    10 |     1 ||    11
       Leather armour    |       |    10 ||    10
Dodge: Dodged            |    24 |    52 ||    76
Block: Buckler           |       |     1 ||     1

Table legend: (Time is in decaauts)
 A = Elapsed time spent in this place.
 B = Non-inter-level travel time spent in this place.
 C = Inter-level travel time spent in this place.
 D = Time resting spent in this place.
 E = Time spent auto-exploring this place.
 F = Levels seen in this place.
 G = Mean time per level.
                   A        B        C        D        E       F      G
               +--------+--------+--------+--------+--------+-----+--------+
         Total |   2800 |   2798 |      2 |      0 |    898 |   4 |  700.0 |
       Dungeon |   2800 |   2798 |      2 |      0 |    898 |   4 |  700.0 |
               +--------+--------+--------+--------+--------+-----+--------+

Top non-repeatable levels by time:
     D:1: 1120 daAuts
     D:2: 1044 daAuts
     D:3: 582 daAuts
     D:4: 52 daAuts
